Map: Central Protocol

Players

Baelfire - Winner!

  • Race: Terran Terran

A.I. 1 (Medium)

  • Race: Terran Terran

VOD

Have the link to the VOD?

Description

Time

  • Played on: Jan. 13, 2016, 8:22 p.m.
  • Length: 18:54
Show
View Real Time Build Order
Export as new Build Order

Baelfire Terran - Winner!

Build Orders:  

Get SALT Encoding   

  12  0:01  SCV  
  13  0:13  SCV  
  14  0:20  Supply Depot  
  14  0:30  Refinery  
  14  0:54  SCV  
  15  0:59  Barracks  
  15  1:06  SCV  
  16  1:17  Refinery  
  17  1:18  SCV  
  18  1:41  SCV  
  18  1:47  Supply Depot  
  18  1:53  Barracks Reactor  
  18  1:58  Orbital Command  
  18  2:12  Factory  
  18  2:31  SCV  
  18  2:36  Marine  
  18  2:37  Marine  
  20  2:44  SCV  
  22  2:54  Marine x2  
  22  2:57  Barracks  
  24  2:58  Starport  
  24  3:02  Factory Tech Lab  
  24  3:12  Marine x2  
  26  3:31  Marine x2  
  28  3:42  Starport Tech Lab  
  28  3:45  Engineering Bay  
  28  3:48  Starport  
  28  3:49  Marine x2  
  30  4:00  Supply Depot  
  30  4:05  Supply Depot  
  30  4:07  Marine  
  31  4:20  Terran Infantry Weapons Level 1  
  31  4:21  Siege Tank, Marine  
  35  4:24  Supply Depot  
  35  4:26  Starport Tech Lab  
  35  4:30  Medivac  
  37  4:37  Liberator  
  37  4:53  Siege Tank  
  43  5:01  SCV  
  44  5:13  Supply Depot  
  44  5:14  SCV  
  45  5:26  SCV  
  46  6:03  Liberator  
  46  6:18  Terran Infantry Armor Level 1  
  49  7:04  Missile Turret  
  49  7:05  Missile Turret  
  49  7:08  Missile Turret  
  49  7:16  Liberator  
  49  7:20  Barracks Tech Lab  
  49  7:21  Command Center  
  49  7:22  Factory Tech Lab  
  49  7:32  Medivac  
  54  7:44  Liberator  
  54  7:58  Liberator  
  54  8:05  SCV  
  58  8:17  SCV  
  62  8:29  SCV  
  62  8:31  Supply Depot x2  
  62  8:32  Supply Depot  
  62  8:33  Siege Tank  
  66  8:36  SCV  
  66  8:40  Refinery  
  67  8:41  SCV  
  67  8:48  SCV  
  69  8:58  Refinery  
  69  9:00  SCV  
  70  9:05  Siege Tank  
  73  9:12  SCV  
  74  9:24  SCV  
  75  9:37  Siege Tank  
  78  9:52  Marine x3  
  81  10:00  Supply Depot x2  
  81  10:02  Supply Depot  
  81  10:04  Supply Depot  
  81  10:09  Siege Tank  
  81  10:10  Marine x3  
  87  10:28  Marine x3  
  90  10:39  Medivac x2  
  94  10:46  Marine x3  
  97  11:04  Marine  
  97  11:09  Medivac x2  
  95  11:38  Medivac  
  82  12:28  Siege Tank  
  85  13:00  Siege Tank  
  88  13:24  Liberator  
  88  13:32  Siege Tank  
  91  13:36  Marine x3  
  91  13:41  Medivac  
  99  13:53  Marine  
  99  13:54  Marine x2  
  102  14:04  Siege Tank  
  102  14:07  Liberator  
  105  14:11  Marine, Medivac  
  105  14:12  Marine x2  
  110  14:29  Marine  
  110  14:30  Marine x2  
  108  14:36  Siege Tank, Stimpack  
  107  14:41  Medivac  
  106  14:47  Marine  
  106  14:49  Liberator  
  107  15:11  Medivac  
  109  15:19  Orbital Command  
  75  16:37  Combat Shields  
  69  17:17  SCV  
  70  17:29  SCV  
  71  17:33  Viking, Medivac  
  71  17:35  Marine  
  71  17:36  Marine x2  
  78  17:41  SCV  
  79  17:51  Armory  
  79  17:53  SCV, Marine x3  
  79  17:55  Starport  
  83  18:03  Viking, Medivac  
  87  18:10  Orbital Command  
  87  18:11  Marine x3  
  90  18:28  Marine  
  90  18:29  Marine x2  
Show
View Real Time Build Order
Export as new Build Order

A.I. 1 (Medium) Terran 

Build Orders:  

Get SALT Encoding   

  12  0:00  SCV  
  13  0:13  SCV  
  14  0:18  Supply Depot  
  14  0:25  SCV  
  15  0:40  SCV  
  15  0:42  Barracks  
  16  0:52  SCV  
  17  1:04  SCV  
  18  1:20  Command Center  
  18  1:30  Marine, Orbital Command  
  19  1:40  Supply Depot  
  19  1:46  Refinery  
  19  1:48  Marine  
  20  1:55  SCV  
  21  2:02  Barracks  
  21  2:07  SCV, Refinery  
  22  2:19  Marine  
  22  2:20  SCV  
  24  2:32  Supply Depot, SCV  
  25  2:38  Barracks Tech Lab  
  25  2:44  SCV  
  26  2:52  SCV  
  26  2:57  Marauder  
  29  2:59  Barracks Tech Lab  
  29  3:09  Refinery  
  29  3:16  Factory  
  29  3:18  Marauder  
  31  3:23  Refinery  
  31  3:25  Marauder  
  33  3:31  SCV  
  34  3:34  Factory  
  34  3:39  Marine  
  35  3:45  SCV  
  35  3:48  SCV  
  37  3:50  Marine  
  38  3:57  SCV  
  38  4:01  Factory Tech Lab  
  38  4:02  SCV  
  40  4:04  Reaper  
  40  4:09  SCV, Starport  
  42  4:16  Marine  
  42  4:17  SCV  
  44  4:19  Factory Tech Lab  
  44  4:21  SCV  
  45  4:25  Supply Depot  
  45  4:29  SCV  
  46  4:33  SCV  
  46  4:34  Reaper  
  48  4:41  SCV  
  48  4:42  Marine  
  48  4:45  Medivac  
  52  4:46  SCV  
  53  4:53  SCV  
  53  4:56  Supply Depot  
  53  4:58  SCV  
  55  5:00  Marine  
  55  5:05  SCV  
  57  5:08  Marine  
  58  5:17  SCV  
  58  5:18  Supply Depot  
  58  5:20  SCV, Marine  
  61  5:28  Medivac  
  63  5:29  SCV  
  63  5:34  Marauder  
  66  5:40  SCV  
  67  5:43  Supply Depot  
  67  5:44  SCV  
  67  5:47  Reaper  
  69  5:50  Engineering Bay  
  69  5:52  SCV  
  69  5:56  SCV  
  71  5:59  Reaper, Starport Tech Lab  
  72  6:04  SCV  
  72  6:08  SCV  
  72  6:09  Supply Depot  
  74  6:13  Ghost Academy  
  74  6:16  SCV  
  75  6:18  Missile Turret  
  75  6:19  Raven  
  75  6:20  SCV, Missile Turret  
  75  6:21  Missile Turret  
  75  6:23  Missile Turret  
  78  6:28  Sensor Tower  
  78  6:29  SCV  
  78  6:32  SCV  
  80  6:34  Armory  
  80  6:39  Supply Depot  
  80  6:41  SCV  
  80  6:44  Ghost  
  80  6:45  Bunker  
  80  6:46  Bunker  
  83  6:52  Barracks  
  83  7:02  Raven  
  85  7:39  Barracks Reactor  
  85  9:16  Command Center  
  85  9:42  Combat Shields, Raven  
  85  9:43  Terran Infantry Weapons Level 1, Stimpack  
  87  9:47  Starport  
  87  9:50  Fusion Core  
  87  9:55  Engineering Bay  
  87  10:01  Armory  
  87  10:13  Reaper  
  84  10:18  Reaper  
  84  10:21  Terran Infantry Armor Level 1  
  71  10:23  Starport Reactor, Marine  
  66  10:28  SCV  
  66  10:29  Marine  
  68  10:41  Marine  
  69  10:45  Marauder  
  71  10:50  Marine  
  71  10:51  Refinery, Marauder  
  71  10:53  Missile Turret  
  71  10:56  SCV, Missile Turret  
  71  10:59  SCV, Marine  
  71  11:01  Concussive Shells  
  71  11:02  SCV  
  62  11:06  Marine  
  62  11:08  SCV  
  62  11:11  SCV, Marine x2  
  65  11:14  SCV  
  65  11:16  Marine  
  67  11:20  SCV  
  67  11:23  SCV  
  67  11:24  Marine  
  70  11:26  SCV  
  70  11:29  Marine  
  70  11:31  Marine  
  70  11:32  SCV  
  67  11:33  Raven  
  67  11:35  SCV  
  67  11:36  Marine  
  67  11:38  SCV  
  63  11:42  Bunker, Marine  
  63  11:43  Refinery  
  63  11:44  SCV  
  62  11:47  SCV, Marine  
  62  11:50  SCV  
  62  11:52  Reaper  
  64  11:56  SCV  
  64  11:57  Reaper  
  64  11:59  SCV  
  65  12:02  SCV, Marauder  
  65  12:07  Marine  
  63  12:08  SCV  
  63  12:11  SCV  
  63  12:14  SCV  
  50  12:16  Raven  
  50  12:20  SCV  
  45  12:23  SCV, Marauder  
  45  12:24  Marine  
  45  12:26  SCV  
  45  12:28  Reaper  
  44  12:33  SCV, Marine  
  44  12:35  SCV  
  44  12:36  Medivac  
  45  12:38  SCV  
  45  12:42  Marine  
  47  12:44  Barracks Tech Lab  
  47  12:48  SCV  
  47  12:50  SCV  
  47  12:51  Marine  
  46  12:58  Sensor Tower  
  42  12:59  Raven  
  42  13:00  SCV, Reaper  
  42  13:01  Barracks Tech Lab  
  42  13:03  SCV  
  43  13:08  Marine  
  43  13:11  Barracks Tech Lab  
  43  13:12  SCV  
  43  13:15  SCV  
  43  13:21  Terran Infantry Weapons Level 2  
  43  13:22  Terran Vehicle Weapons Level 1  
  43  13:23  Supply Depot  
  43  13:24  SCV  
  43  13:26  Marine  
  40  13:28  Orbital Command  
  40  13:29  Marine  
  40  13:32  Medivac, Marine  
  38  13:36  SCV  
  38  13:37  Hellion  
  37  13:42  Raven  
  37  13:44  Marine  
  37  13:47  Marine  
  37  13:48  SCV  
  40  13:50  Marine  
  40  13:54  SCV, Viking  
  41  14:00  SCV  
  41  14:02  Marine  
  37  14:05  Marine  
  37  14:06  SCV  
  37  14:07  Marine  
  38  14:11  Hellion  
  38  14:12  SCV  
  41  14:18  SCV  
  41  14:20  Marine  
  37  14:24  SCV, Raven  
  37  14:26  Reaper  
  37  14:29  Viking  
  37  14:30  SCV, Refinery  
  34  14:36  SCV  
  34  14:37  Marine  
  32  14:42  Viking  
  32  14:49  SCV  
  32  14:50  Hellion, Ghost Academy, Barracks  
  34  14:55  Marine  
  34  14:57  Marine  
  36  15:01  SCV, Missile Turret  
  36  15:03  Hellion  
  39  15:07  Raven  
  39  15:13  SCV, Marine  
  41  15:15  Marine  
  41  15:16  Command Center  
  41  15:18  Viking  
  38  15:31  Marine  
  38  15:33  Marine  
  39  15:36  Marine  
  39  15:38  Command Center, Orbital Command  
  38  15:49  Marine  
  29  15:51  Marine  
  29  15:54  Marine  
  20  16:06  Marine  
  20  16:09  Marine  
  22  16:12  Barracks Tech Lab  
  22  16:24  Marine  
  22  16:26  Marine  
  15  16:40  Command Center  
  15  16:44  SCV  
  9  17:16  SCV  
  4  17:45  SCV  
  5  18:02  SCV  
Tags
 
Add a new tag
Caveats
  • Supply blocks, unpowered buildings, or Contaminate may cause inaccurate times.
  • Supply counts are checked every 10 seconds.